 Dungeon Crawl Stone Soup version 0.25-a0-404-gc1b5a34292 (webtiles) character file.

Game seed: 5198202790637969829, levelgen mode: deterministic

4844 MordorOrchid the Basher (level 10, -10/92 HPs)
             Began as a Troll Berserker on Jan 10, 2020.
             Was an Elder of Trog.
             Mangled by a porcupine (13 damage)
             ... on level 8 of the Dungeon.
             The game lasted 00:12:45 (5101 turns).

MordorOrchid the Basher (Troll Berserker)           Turns: 5101, Time: 00:12:45

Health: -10/92     AC:  8    Str: 27    XL:     10   Next: 25%
Magic:  10/10      EV: 12    Int:  4    God:    Trog [****..]
Gold:   105        SH:  0    Dex: 11    Spells: 9/9 levels left

rFire    . . .     SeeInvis .   r - +2 dire flail (holy)
rCold    . . .     Gourm    +   (shield currently unavailable)
rNeg     + . .     Faith    .   j - +2 robe {rN+}
rPois    .         Spirit   .   (helmet restricted)
rElec    .         Reflect  .   (no cloak)
rCorr    .         Harm     .   (gloves unavailable)
MR       ++...                  (boots unavailable)
Stlth    +.........             (no amulet)
HPRegen  1.65/turn              (no ring)
MPRegen  0.12/turn              (no ring)

@: berserk cooldown, regenerating, slowed, very slow
A: large, unfitting armour, claws 3, fast metabolism 3, gourmand, regeneration
1, shaggy fur 1, tough skin 3
a: Berserk, Trog's Hand, Brothers in Arms, Renounce Religion


You were on level 8 of the Dungeon.
You worshipped Trog.
Trog was greatly pleased with you.
You were very full.

You visited 1 branch of the dungeon, and saw 8 of its levels.

You collected 825 gold pieces.
You spent 720 gold pieces at shops.

Inventory:

Hand Weapons
 a - a +0 flail
 l - a +0 mace
 r - a +2 dire flail of holy wrath (weapon)
 x - a +2 whip of electrocution
Missiles
 d - 24 poisoned darts (quivered)
Armour
 j - a +2 robe of positive energy (worn)
Wands
 w - a wand of digging (4)
 y - a wand of clouds (2)
 z - a wand of iceblast (14)
 A - a wand of paralysis (10)
 B - a wand of enslavement (6)
Scrolls
 b - a scroll of random uselessness {unknown}
 e - 5 scrolls of remove curse
 f - 4 scrolls of teleportation
 i - 2 scrolls of magic mapping
 p - a scroll of blinking
 s - a scroll of amnesia {unknown}
 t - a scroll of enchant weapon {unknown}
Potions
 g - 2 potions of cancellation
 h - 2 potions of berserk rage
 k - a potion of brilliance {unknown}
 m - 4 potions of curing
 n - a potion of heal wounds
 o - a potion of agility
 q - a potion of lignification
 v - a potion of magic
Comestibles
 c - 13 rations
 u - 3 chunks of flesh


   Skills:
 + Level 3.8 Fighting
 + Level 9.7 Maces & Flails
 * Level 5.4 Throwing
 - Level 4.1 Armour
 + Level 5.7 Dodging
 * Level 2.0 Evocations


You had 9 spell levels left.
You didn't know any spells.
Your spell library was empty.

Dungeon Overview and Level Annotations

Branches:
Dungeon (8/15)             Temple (0/1) D:5
   Lair: D:8-11

Altars:
Okawaru
Zin

Shops:
D:8 }


Innate Abilities, Weirdness & Mutations

You are too large for most types of armour.
You have claws for hands.
Your metabolism is lightning-fast.
You like to eat raw meat.
Your natural rate of healing is unusually fast.
You are covered in fur. (AC +1)
You have extremely tough skin. (AC +3)


Message History

* * * LOW HITPOINT WARNING * * *
The porcupine bites you.
* * * LOW HITPOINT WARNING * * *
Unknown command.
You hit the porcupine.
The porcupine is lightly wounded.
The porcupine barely misses you.
You closely miss the porcupine.
The porcupine is lightly wounded.
The porcupine bites you.
* * * LOW HITPOINT WARNING * * *
The porcupine bites you!
* * * LOW HITPOINT WARNING * * *
Unknown command.
You are struck by the porcupine's spines.
* * * LOW HITPOINT WARNING * * *
You puncture the porcupine!
The porcupine is almost dead.
The porcupine bites you!
You die...

.....P. ...P... ###
....... ## ..#
..PP... #. #.#
....P.. #.##8#
......P
##.##.###rt..P..
#..8.∩.8@#
#.....>†.#.#
#....8....t.$..
.######.......####.##
)............(#
#####<.†....#
#...........#
#?###.#...### #.##.##


You could see a crocodile and a porcupine.

Vanquished Creatures
  Pikel (D:6)
  Grinder (D:3)
  4 yaks (D:8)
  A hungry ghost (D:7)
  Edmund (D:6)
  A basilisk (D:8)
  4 vampire mosquitoes (D:7)
  3 orc warriors
  An ice beast (D:5)
  A black bear (D:6)
  A sky beast (D:6)
  A phantom (D:7)
  3 ogres
  2 crocodiles (D:8)
  4 centaurs
  3 bullfrogs (D:6)
  4 scorpions
  A howler monkey (D:8)
  A jelly (D:6)
  4 crimson imps
  4 hounds
  A quasit (D:6)
  2 bullfrog skeletons (D:5)
  3 orc priests
  3 orc wizards
  Jessica (D:3)
  An iguana (D:6)
  3 worker ants
  4 gnolls
  11 adders
  A shadow imp (D:6)
  3 oozes
  2 adder zombies (D:6)
  3 worms
  4 dart slugs
  7 leopard geckos
  21 orcs
  4 giant cockroaches
  9 goblins
  3 hobgoblins
  7 jackals
  5 kobolds
  3 ball pythons
  11 bats
  3 frilled lizards
  A leopard gecko skeleton (D:7)
  3 rats
165 creatures vanquished.

Vanquished Creatures (others)
  A howler monkey (D:6)
  An orc (D:6)
2 creatures vanquished.

Grand Total: 167 creatures vanquished

Notes
Turn   | Place    | Note
-------+----------+-------------------------------------------
     0 | D:1      | MordorOrchid the Troll Berserker began the quest for the
                  | Orb.
     0 | D:1      | Reached XP level 1. HP: 22/22 MP: 0/0
    77 | D:1      | Reached XP level 2. HP: 29/29 MP: 1/1
   325 | D:1      | Reached skill level 3 in Maces & Flails
   423 | D:1      | Reached XP level 3. HP: 36/36 MP: 2/2
   432 | D:1      | Reached ** piety under Trog
   857 | D:2      | Reached skill level 1 in Throwing
   985 | D:2      | Reached skill level 1 in Armour
   993 | D:2      | Reached XP level 4. HP: 40/44 MP: 3/3
  1137 | D:2      | Found an iron altar of Okawaru.
  1138 | D:2      | Found a glowing silver altar of Zin.
  1601 | D:3      | Noticed Jessica
  1604 | D:3      | Killed Jessica
  1628 | D:3      | Reached XP level 5. HP: 42/52 MP: 4/4
  1926 | D:3      | Reached skill level 4 in Maces & Flails
  2030 | D:3      | Noticed Grinder
  2039 | D:3      | Killed Grinder
  2039 | D:3      | Reached XP level 6. HP: 61/61 MP: 5/5
  2293 | D:4      | Reached *** piety under Trog
  2703 | D:4      | Reached skill level 5 in Maces & Flails
  2703 | D:4      | Reached XP level 7. HP: 65/67 MP: 6/6
  2877 | D:5      | Entered Level 5 of the Dungeon
  3224 | D:4      | Reached skill level 6 in Maces & Flails
  3246 | D:4      | Reached XP level 8. HP: 56/75 MP: 7/7
  3352 | D:5      | Found a staircase to the Ecumenical Temple.
  3666 | D:6      | Reached **** piety under Trog
  3721 | D:6      | Noticed Edmund
  3736 | D:6      | Reached skill level 7 in Maces & Flails
  3758 | D:6      | Killed Edmund
  3998 | D:6      | Noticed Pikel
  4019 | D:6      | Killed Pikel
  4019 | D:6      | Reached skill level 8 in Maces & Flails
  4019 | D:6      | Reached skill level 5 in Dodging
  4019 | D:6      | Reached XP level 9. HP: 81/81 MP: 8/8
  4565 | D:7      | Reached skill level 9 in Maces & Flails
  4565 | D:7      | Reached skill level 1 in Evocations
  4583 | D:7      | Reached skill level 5 in Throwing
  4917 | D:7      | Reached XP level 10. HP: 91/91 MP: 10/10
  5046 | D:8      | Found Itinonig's Gadget Shop.
  5057 | D:8      | Bought a wand of clouds (2) for 216 gold pieces
  5057 | D:8      | Bought a wand of iceblast (7) for 132 gold pieces
  5057 | D:8      | Bought a wand of iceblast (7) for 132 gold pieces
  5057 | D:8      | Bought a wand of paralysis (10) for 144 gold pieces
  5057 | D:8      | Bought a wand of enslavement (6) for 96 gold pieces
  5101 | D:8      | HP: 1/92 [porcupine's spines (12)]
  5101 | D:8      | Mangled by a porcupine

Levels and vault maps discovered:
D:1:      lemuel_arrival_hallway, layout_basic, minivault_23,
          serial_bayou_crossing
D:2:      layout_basic, gammafunk_temple_overflow_pools
D:3:      layout_loops_ring, uniq_grinder, uniq_jessica
D:4:      layout_gridville, first_ration, feat_on_display
D:5:      layout_basic, minmay_temple_entry_grid, guppyfry_early_orc_mine
D:6:      minmay_polygon_palace, layout_rooms, kennysheep_small_circle,
          uniq_edmund, uniq_pikel
D:7:      layout_basic
D:8:      layout_loops_ring, minmay_lair_entry_grove, serial_shops,
          nicolae_shop_statue_plus, hangedman_little_slice_of_home,
          hangedman_abyss_or_decor_passed, grunt_decor_cap,
          fedhas_altar_decomposition

Skill      XL: |  1  2  3  4  5  6  7  8  9 10 |
---------------+-------------------------------+-----
Maces & Flails | 3 4 5 6 8 9 |  9.7
Throwing       | 1 2 3 4 5 |  5.4
Armour         | 1 2 3 4 |  4.1
Dodging        | 3 4 5 |  5.7
Fighting       | 3 |  3.8
Evocations     | 1 2 |  2.0

Action                   |  1- 3 |  4- 6 |  7- 9 | 10-12 || total
-------------------------+-------+-------+-------+-------++-------
Melee: Mace              |   116 |   177 |       |       ||   293
       Flail             |       |    37 |   166 |       ||   203
       Dire flail        |       |       |   156 |    36 ||   192
       Unarmed           |       |       |     6 |       ||     6
Throw: Dart              |       |     7 |     5 |       ||    12
Invok: Berserk           |     1 |     2 |     6 |     1 ||    10
       Trog's Hand       |       |     1 |     3 |     1 ||     5
  Use: Scroll            |       |     5 |     6 |       ||    11
  Eat: Chunk             |    11 |    23 |    30 |     3 ||    67
Armor: Animal skin       |    69 |    46 |       |       ||   115
       Robe              |       |    58 |   139 |     6 ||   203
       Skin              |       |       |    13 |       ||    13
Dodge: Dodged            |    95 |   137 |   202 |    12 ||   446

Table legend:
 A = Non-vault XP
 B = Vault XP
 C = Vault XP percentage of total XP
 D = Non-vault monster count
 E = Vault monster count
 F = Vault count percentage of total count
                 A         B        C        D         E       F
            +---------+---------+-------+---------+---------+-------
      Total |    3862 |    3059 |  44.2 |     134 |      31 |  18.8
            +---------+---------+-------+---------+---------+-------
        D:1 |      49 |       0 |   0.0 |      24 |       0 |   0.0
        D:2 |     103 |       0 |   0.0 |      24 |       0 |   0.0
        D:3 |     132 |     327 |  71.2 |      15 |       2 |  11.8
        D:4 |     258 |     133 |  34.0 |      20 |       1 |   4.8
        D:5 |     714 |      95 |  11.7 |      14 |       6 |  30.0
        D:6 |     838 |    1297 |  60.7 |      17 |      15 |  46.9
        D:7 |    1714 |       0 |   0.0 |      19 |       0 |   0.0
        D:8 |      54 |    1207 |  95.7 |       1 |       7 |  87.5
            +---------+---------+-------+---------+---------+-------
